 Dungeon Crawl Stone Soup version 0.19-a0-1675-gc11f27c (webtiles) character file.

42821 Amciq the Cleaver (level 14, 0/127 HPs)
             Began as a Hill Orc Fighter on Sept 23, 2016.
             Was a Believer of Qazlal.
             Slain by a dire elephant (3 damage)
             ... on level 6 of the Lair of Beasts.
             The game lasted 00:54:38 (15205 turns).

Amciq the Cleaver (Hill Orc Fighter)               Turns: 15205, Time: 00:54:38

Health: 0/127      AC: 23    Str: 22    XL:     14   Next: 21%
Magic:  14/23      EV:  9    Int:  8    God:    Qazlal [**....]
Gold:   1689       SH: 16    Dex: 12    Spells: 0 memorised, 13 levels left

rFire  . . .     SeeInvis .     e - +0 war axe
rCold  . . .     Gourm    .     z - +0 plate armour
rNeg   . . .     Faith    .     c - +1 shield
rPois  +         Spirit   .     (no helmet)
rElec  +         Dismiss  .     k - +0 cloak
rCorr  .         Reflect  .     x - +0 pair of gloves
MR     +....     Harm     .     (no boots)
Stlth  ..........               p - amulet of regeneration
                                F - ring of poison resistance
                                j - +5 ring of protection

@: no status effects
A: sense surroundings 1, electricity resistance, subdued magic 1
a: Upheaval, Renounce Religion


You were on level 6 of the Lair of Beasts.
You worshipped Qazlal.
Qazlal was pleased with you.
You were not hungry.

You visited 2 branches of the dungeon, and saw 16 of its levels.

You collected 1689 gold pieces.

Inventory:

Hand Weapons
 e - a +0 war axe (weapon)
Armour
 c - a +1 shield (worn)
 k - a +0 cloak (worn)
 x - a +0 pair of gloves (worn)
 z - a +0 plate armour (worn)
Rods
 q - a -3 lightning rod (12/12)
   (You found it on level 5 of the Lair of Beasts)
Jewellery
 a - a +4 ring of intelligence
 h - an uncursed ring of resist corrosion {unknown}
 j - a +5 ring of protection (left hand)
 p - an amulet of regeneration (around neck)
 F - a ring of poison resistance (right hand)
 H - a cursed -3 ring of evasion {unknown}
 K - a +3 ring of protection
 M - an uncursed ring of magical power {unknown}
 R - an uncursed amulet of rage {unknown}
Wands
 b - a wand of polymorph (9/24)
 i - a wand of slowing (41/48)
 r - a wand of paralysis (14/24)
 w - a wand of random effects (19/48)
 y - a wand of random effects (19/48)
 G - a wand of iceblast (1/15)
Scrolls
 g - 7 scrolls of identify
 m - 2 scrolls of amnesia
 n - 2 scrolls of fog
 o - a scroll of fear
 s - 2 scrolls of remove curse
 t - 5 scrolls of teleportation
 E - 4 scrolls of magic mapping
 J - a scroll of blinking
 N - 2 scrolls of enchant armour
 P - a scroll of summoning
Potions
 u - a potion of agility
 v - 3 potions of brilliance
 A - a potion of ambrosia
 B - a potion of magic
 L - a potion of flight
 O - a potion of mutation
 Q - a potion of resistance
Books
 d - a book of Necromancy

   Spells                             Type                      Level
   a - Pain                           Necromancy                   1
   b - Animate Skeleton               Necromancy                   1
   c - Vampiric Draining              Necromancy                   3
   d - Regeneration                   Charms/Necromancy            3
   e - Animate Dead                   Necromancy                   4
   f - Control Undead                 Necromancy                   4
Comestibles
 f - 12 bread rations
 l - 5 meat rations
 C - 2 beef jerkies
 D - 18 fruits
 I - a royal jelly
 S - 5 chunks of flesh


   Skills:
 * Level 12.9 Fighting
 * Level 13.6 Axes
 * Level 12.0 Armour
 + Level 6.3 Dodging
 * Level 11.4 Shields
 * Level 12.7 Invocations
 - Level 1.0 Evocations


You had 13 spell levels left.
You didn't know any spells.

Dungeon Overview and Level Annotations

Branches:
Dungeon (10/15)            Temple (0/1) D:6            Lair (6/6) D:8
 Shoals (0/4) Lair:2       Spider (0/4) Lair:3        Slime (0/5) Lair:6
    Orc: D:9-12

Altars:
Dithmenos
Elyvilon
Nemelex Xobeh
Qazlal
Ru
Uskayaw
Vehumet
The Shining One
Jiyva

Annotations:
D:4 Edmund


Innate Abilities, Weirdness & Mutations

You passively map a small area around you.
You are resistant to electric shocks. (rElec)
Your spells are a little easier to cast, but a little less powerful.


Message History

* * * LOW HITPOINT WARNING * * *
You hit the dire elephant.
The dire elephant is almost dead.
You hit the dire elephant but do no damage.
The dire elephant is almost dead.
The dire elephant tramples you but does no damage.
The dire elephant trunk-slaps you.
* * * LOW HITPOINT WARNING * * *
You hit the dire elephant.
The dire elephant is almost dead.
You hear a trumpeting!
The dire elephant tramples you!
* * * LOW HITPOINT WARNING * * *
You hold your ground!
You block the dire elephant's attack.
Okay, then.
As you read the scroll of fear, it crumbles to dust.
You assume a fearsome visage.
The dire elephant resists with some effort.
You block the dire elephant's attack. The dire elephant trunk-slaps you.
You die...

####'''########♣.......♣#######..
..P...........###....♣##** * ##.
###8.⌠.8#####...##♣♣♣# ,, * #.
,*##8..###.≈###.#### ,, #. ,
######.≈≈≈≈#....#### , * #.
,,##)...#≈≈≈≈P####....#+# * #.
,#[)...'≈≈≈≈.#8.####.#.# #.
,#=?...'≈≈≈..'†Y.P.#...# ##
##/...##≈≈.##8@§..#8.8# # ####
*#########''##'### #
#..#..#.##♣8♣* # ##.........♣
##........# ##.#...### #######


You could see a dire elephant.

Vanquished Creatures
  A dire elephant (Lair:6)
  An ice dragon (Lair:6)
  2 hydras
  An anaconda (Lair:6)
  2 death yaks (Lair:6)
  A hill giant (D:7)
  Pikel (D:6)
  An ugly thing (D:8)
  Psyche (D:7)
  3 torpor snails
  4 black mambas
  6 elephants (Lair:6)
  4 spiny frogs
  3 rime drakes
  5 komodo dragons
  6 hippogriffs
  38 blink frogs
  Sigmund (D:4)
  A spriggan (D:9)
  A wraith (D:9)
  72 yaks
  A hungry ghost (D:8)
  10 water moccasins
  Duvessa (D:6)
  7 porcupines
  2 orc warriors
  An ice beast (D:8)
  A wasp (D:8)
  A phantom (D:7)
  An eye of draining (D:9)
  4 ogres
  5 wolves (Lair:6)
  12 crocodiles
  2 centaurs (D:5)
  2 big kobolds
  13 bullfrogs
  Blork the orc (D:4)
  A gnoll sergeant (D:6)
  2 wyvern skeletons
  3 scorpions
  Dowan (D:6)
  3 killer bees (D:8)
  9 howler monkeys
  3 crimson imps
  5 bullfrog zombies
  2 quasits (D:10)
  4 hounds
  A jelly (D:10)
  4 centaur skeletons
  4 orc priests
  7 orc wizards
  Ijyb (D:2)
  A bullfrog skeleton (D:6)
  7 iguanas
  6 worker ants
  Natasha (thrice) (D:3)
  Terence (D:3)
  2 hound zombies
  A worker ant zombie (D:10)
  Robin (D:3)
  7 gnolls
  A howler monkey skeleton (D:9)
  8 adders
  58 river rats
  3 white imps (Lair:6)
  2 oozes
  An adder zombie (D:4)
  2 adder skeletons
  4 worms
  3 dart slugs
  7 leopard geckos
  43 orcs
  6 giant cockroaches
  23 goblins
  12 hobgoblins
  3 jackals (D:10)
  15 kobolds
  2 quokkas
  2 ball pythons
  6 bats
  6 frilled lizards
  10 rats
  14 fungi
  9 plants
538 creatures vanquished.

Vanquished Creatures (collateral kills)
  A hydra (Lair:4)
  A black mamba (Lair:5)
  A spiny frog (Lair:5)
  A komodo dragon (Lair:5)
  A blink frog (Lair:5)
  5 yaks
  6 river rats
16 creatures vanquished.

Vanquished Creatures (others)
  11 fungi
  4 plants
15 creatures vanquished.

Grand Total: 569 creatures vanquished

Notes
Turn   | Place    | Note
-------+----------+-------------------------------------------
     0 | D:1      | Amciq the Hill Orc Fighter began the quest for the Orb.
     0 | D:1      | Reached XP level 1. HP: 19/19 MP: 1/1
    94 | D:1      | Reached XP level 2. HP: 27/27 MP: 2/2
   163 | D:1      | Reached skill level 3 in Axes
   370 | D:1      | Reached XP level 3. HP: 32/33 MP: 3/3
   792 | D:2      | Reached XP level 4. HP: 16/41 MP: 4/4
   991 | D:2      | Found a radiant altar of Vehumet.
  1188 | D:2      | Found a stormy altar of Qazlal.
  1198 | D:2      | Became a worshipper of Qazlal Stormbringer
  1227 | D:2      | Noticed Ijyb
  1263 | D:2      | Killed Ijyb
  1673 | D:3      | Noticed Robin
  1678 | D:3      | Reached XP level 5. HP: 47/47 MP: 5/5
  1693 | D:3      | Reached skill level 1 in Invocations
  1696 | D:3      | Killed Robin
  1696 | D:3      | Reached skill level 4 in Axes
  1704 | D:3      | Reached * piety under Qazlal
  2198 | D:3      | Noticed Natasha
  2198 | D:3      | Noticed Terence
  2208 | D:3      | Killed Natasha
  2209 | D:3      | Killed Terence
  2288 | D:3      | Reached XP level 6. HP: 50/55 MP: 7/7
  2298 | D:3      | Noticed Natasha
  2316 | D:3      | Killed Natasha
  2339 | D:3      | Noticed Natasha
  2346 | D:3      | Killed Natasha
  2346 | D:3      | Reached skill level 1 in Dodging
  2451 | D:4      | Noticed Sigmund
  2465 | D:4      | Killed Sigmund
  2465 | D:4      | Reached skill level 5 in Fighting
  2465 | D:4      | Reached skill level 5 in Axes
  2465 | D:4      | Reached XP level 7. HP: 33/61 MP: 7/9
  2475 | D:4      | Reached skill level 1 in Evocations
  2825 | D:4      | Noticed Blork the orc
  2835 | D:4      | Noticed Edmund
  2851 | D:4      | Killed Blork the orc
  2858 | D:4      | Paralysed by an orc wizard for 6 turns
  2871 | D:4      | Paralysed by an orc wizard for 3 turns
  2881 | D:4      | Paralysed by an orc wizard for 7 turns
  3325 | D:4      | Reached ** piety under Qazlal
  3445 | D:4      | Reached skill level 5 in Armour
  3445 | D:4      | Reached skill level 5 in Shields
  3617 | D:5      | Entered Level 5 of the Dungeon
  3815 | D:5      | Reached XP level 8. HP: 70/70 MP: 11/11
  3861 | D:5      | Found a glowing golden altar of the Shining One.
  3866 | D:5      | Found a white marble altar of Elyvilon.
  3955 | D:5      | Reached skill level 6 in Axes
  4258 | D:6      | Noticed Pikel
  4269 | D:6      | Killed Pikel
  4269 | D:6      | Reached skill level 5 in Invocations
  4306 | D:6      | Found a shadowy altar of Dithmenos.
  4328 | D:6      | Reached XP level 9. HP: 78/78 MP: 13/13
  4557 | D:6      | Reached skill level 7 in Axes
  4936 | D:6      | Found a staircase to the Ecumenical Temple.
  4949 | D:6      | Noticed Dowan
  4952 | D:6      | Noticed Duvessa
  4955 | D:6      | Killed Dowan
  4976 | D:6      | Killed Duvessa
  5317 | D:7      | Noticed a hill giant
  5329 | D:7      | Killed a hill giant
  5333 | D:7      | Reached skill level 8 in Axes
  5616 | D:7      | Reached XP level 10. HP: 88/88 MP: 15/15
  5637 | D:7      | Found a hide-covered altar of Uskayaw.
  6003 | D:7      | Gained mutation: You are resistant to electric shocks. (rElec) [potion of beneficial mutation]
  6004 | D:7      | Gained mutation: Your natural rate of healing is unusually fast. [potion of beneficial mutation]
  6018 | D:8      | Noticed Psyche
  6041 | D:7      | Killed Psyche
  6166 | D:8      | Reached *** piety under Qazlal
  6246 | D:8      | Noticed a brown ugly thing
  6257 | D:8      | Killed a brown ugly thing
  6361 | D:8      | Found a staircase to the Lair.
  6688 | D:8      | Reached skill level 9 in Axes
  7005 | D:9      | Found a sparkling altar of Nemelex Xobeh.
  7177 | D:9      | You fall through a shaft!
  7177 | D:10     | Entered Level 10 of the Dungeon
  7309 | D:9      | Identified a scroll of acquirement
  7677 | D:9      | Found a sacrificial altar of Ru.
  7731 | D:10     | Reached XP level 11. HP: 77/97 MP: 12/17
  8098 | D:10     | Reached skill level 10 in Axes
  8418 | Lair:1   | Entered Level 1 of the Lair of Beasts
  8503 | Lair:1   | Reached **** piety under Qazlal
  8650 | Lair:1   | Reached skill level 10 in Fighting
  9599 | Lair:2   | Reached skill level 10 in Invocations
  9625 | Lair:2   | Reached XP level 12. HP: 67/108 MP: 19/19
  9648 | Lair:3   | Found a hole to the Spider Nest.
  9648 | Lair:3   | Noticed an eight-headed hydra
  9661 | Lair:3   | Reached skill level 11 in Axes
 10057 | Lair:2   | Found a staircase to the Shoals.
 10847 | Lair:3   | Killed a 13-headed hydra
 10847 | Lair:3   | Reached skill level 10 in Armour
 10847 | Lair:3   | Reached skill level 5 in Dodging
 11053 | Lair:3   | Reached skill level 10 in Shields
 11208 | Lair:3   | Reached ***** piety under Qazlal
 11548 | Lair:4   | Reached skill level 12 in Axes
 12401 | Lair:5   | Noticed an eight-headed hydra
 12414 | Lair:5   | Reached XP level 13. HP: 69/117 MP: 15/21
 12471 | Lair:5   | Lost mutation: Your natural rate of healing is unusually fast. [potion of mutation]
 12471 | Lair:5   | Gained mutation: You passively map a small area around you. [potion of mutation]
 12471 | Lair:5   | Gained mutation: Your spells are a little easier to cast, but a little less powerful. [potion of mutation]
 12471 | Lair:5   | HP: 5/117 [komodo dragon (11)]
 13571 | Lair:6   | Entered Level 6 of the Lair of Beasts
 13911 | Lair:6   | Reached skill level 13 in Axes
 14198 | Lair:6   | Noticed an ice dragon
 14216 | Lair:6   | Killed an ice dragon
 14323 | Lair:6   | Found a staircase to the Slime Pits.
 14323 | Lair:6   | Found a viscous altar of Jiyva.
 14471 | Lair:6   | Reached XP level 14. HP: 105/127 MP: 19/23
 15173 | Lair:6   | Noticed a dire elephant
 15173 | Lair:6   | Noticed a dire elephant
 15200 | Lair:6   | Killed a dire elephant
 15204 | Lair:6   | HP: 3/127 [dire elephant (9)]
 15205 | Lair:6   | Slain by a dire elephant

Vault maps used:
D:1:      dpeg_arrival_chase, corexii_corridor_pit
D:2:      kennysheep_the_goblin_king, vehumet_crystals,
          overflow_temple_1_default
D:3:      first_bread, uniq_robin, uniq_natasha, uniq_terence
D:4:      mumra_celtic_spiral_tile, uniq_sigmund, uniq_edmund,
          uniq_blork_the_orc
D:5:      minitemple
D:6:      lemuel_doored_altar, minmay_liquid_box,
          hangedman_abyss_or_decor_stagger, hangedman_glass_teeth, uniq_pikel,
          uniq_duvessa
D:7:      overflow_temple_1_default
D:8:      dpeg_lair_monsters, corexii_leaking_fountain, uniq_psyche
D:9:      nemelex_xobeh_ov_fountains_minmay, the_bakery,
          nicolae_ru_the_path_less_chosen
Lair:1:   eino_small_chamber_without_monster
Lair:2:   shoals_dummy_entry, grunt_megastairs_2
Lair:3:   spider_nest_entry_web_field
Lair:4:   lemuel_fruit_tree
Lair:5:   portal_ice_cave_entry_pillars_2, grunt_megastairs_3
Lair:6:   due_jungle_book, slime_altar_1, bobbens_ice_dragon_lair

Skill      XL: |  1  2  3  4  5  6  7  8  9 10 11 12 13 14 |
---------------+-------------------------------------------+-----
Fighting       | 4 5 6 7 9 10 11 12 | 12.9
Axes           | 3 4 5 6 8 9 10 12 13 | 13.6
Armour         | 4 5 6 7 8 9 10 11 12 | 12.0
Invocations    | 2 3 4 5 7 8 10 11 12 | 12.7
Shields        | 4 5 6 7 8 9 10 11 | 11.4
Dodging        | 1 2 3 4 5 6 |  6.3
Evocations     | 1 |  1.0

Action                   |  1- 3 |  4- 6 |  7- 9 | 10-12 | 13-15 || total
-------------------------+-------+-------+-------+-------+-------++-------
Melee: War axe           |   107 |   214 |   378 |   961 |   431 ||  2091
Invok: Upheaval          |       |       |     4 |     8 |    18 ||    30
       Elemental Force   |       |       |       |     3 |     6 ||     9
Evoke: Wand              |       |       |     1 |       |       ||     1
  Use: Potion            |       |     8 |     1 |     5 |     4 ||    18
       Scroll            |       |     1 |     8 |    14 |     6 ||    29
 Stab: Invisible         |       |     2 |     2 |       |       ||     4
  Eat: Chunk             |       |     6 |    11 |    23 |     9 ||    49
       Pizza             |       |       |       |     1 |       ||     1
       Fruit             |       |       |       |       |     1 ||     1
Armor: Scale mail        |    14 |       |       |       |       ||    14
       Chain mail        |    61 |    86 |   181 |   280 |    40 ||   648
       Skin              |       |     4 |     3 |       |       ||     7
       Plate armour      |       |       |       |       |   183 ||   183
Dodge: Dodged            |    31 |    48 |    72 |   208 |   146 ||   505
Block: Shield            |    57 |    95 |   263 |   774 |   441 ||  1630
